[Event "*** Titled Tuesday Blitz"]
[Site "Chess.com"]
[Date "2021.02.16"]
[Round "7"]
[White "Walter_White_Poland"]
[Black "Tpros"]
[Result "0-1"]
[WhiteElo "2349"]
[BlackElo "2473"]
[TimeControl "180+1"]
[EndTime "11:19:33 PST"]
[Termination "Tpros won on time"]

1. e4 c5 2. Nf3 d6 3. d4 cxd4 4.
Nxd4 Nf6 5. Nc3 g6 6. Be3 a6 7.
f3 h5 8. Qd2 e5 9. Nb3 Be6 10. O-O-O Nbd7 11. Kb1 Rc8 12. Nd5 Nxd5 13. exd5 Bf5 14. Bd3 Bxd3 15. cxd3 Bg7 16. g4 h4 17.
d4 O-O 18. Bh6 Rc4 19. Bxg7 Kxg7 20. Rhe1 Qf6 21. Qd3 Rfc8 22. Re4 exd4 23. f4 b5 24. Rxd4 Nc5 25. Nxc5 R8xc5 26. Rxc4 Rxc4 27. f5 Rxg4 28. fxg6 Qxg6 29. h3 Rg3 30. Qxg6+ Kxg6 31. Rc1 Kf6 32. Rc6 Ke5 33. Rxa6 Rxh3 34. a4 bxa4 35. Rxa4 Kxd5 36.
Rg4 f5 37. Rg8 Rg3 38. Rh8 h3 39. b4 Kc4 40. Rh4+ Kb5 41. Kc2 Rg2+ 42. Kc3 h2 43. Kd4 Rd2+ 44. Ke3 Rb2 45. Kd3 d5 46. Kc3 Rg2 47.
Kd3 f4 48. Kd4 f3 49. Ke3 f2 50. Ke2 Rg1 0-1

[Event "*** Titled Tuesday Blitz"]
[Site "Chess.com"]
[Date "2021.02.16"]
[Round "7"]
[White "Firouzja2003"]
[Black "Oleksandr_Bortnyk"]
[Result "1-0"]
[WhiteElo "3098"]
[BlackElo "2944"]
[TimeControl "180+1"]
[EndTime "11:19:35 PST"]
[Termination "Firouzja2003 won on time"]

1. d4 d6 2. e4 Nf6 3. Nc3 e5 4. Nf3 Nbd7 5. Bc4 Be7 6. O-O O-O 7. h3 a6 8. a4 b6 9. dxe5 dxe5 10. Qe2 c6 11. Rd1 Qc7 12. Bg5 Nc5 13. Bh4 Nh5 14. Bxe7 Qxe7 15. Qe3 a5 16. Rd2 Nf4 17. Rad1 Bd7 18. b3 Rae8 19. Ne2 Nxe2+ 20. Qxe2 h6 21. Qe3 Kh7 22. Rd6 Rc8 23. c3 Be8 24. g3 Rb8 25.
Nh4 g6 26. Nf3 Kg7 27. h4 f6 28.
h5 g5 29. g4 Rc8 30. Nh2 Rc7 31. Nf1 Bd7 32. Qe2 Bc8 33. Ng3 Nb7 34. R6d2 Kh7 35.
Kg2 Nc5 36. f3 Nb7 37. Qe3 Qc5 38. Qe1 Qe7 39. Nf1 Nc5 40. Ne3 Nb7 41. Ra2 Be6 42. Bxe6 Qxe6 43. Rad2 Rff7 44. b4 Rfd7 45. Nf5 c5 46. b5 c4 47. Rd5 Nc5 48. Rd6 Qf7 49.
R1d5 Nd3 50. Qe3 Nf4+ 51. Kg3 Nxd5 52. exd5 Rxd6 53. Nxd6 Qxd5 54. Ne4 Qe6 55. Qd2 Rd7 56. Qxd7+ Qxd7 57. Nxf6+ Kg7 58. Nxd7 e4 59. fxe4 1-0

[Event "*** Titled Tuesday Blitz"]
[Site "Chess.com"]
[Date "2021.02.16"]
[Round "7"]
[White "Genghis_K"]
[Black "German_Bazeev"]
[Result "1-0"]
[WhiteElo "2912"]
[BlackElo "2739"]
[TimeControl "180+1"]
[EndTime "11:19:35 PST"]
[Termination "Genghis_K won by resignation"]

1. d4 Nf6 2. c4 e6 3. Nc3 Bb4 4.
Qc2 d5 5. cxd5 Qxd5 6. e3 O-O 7. Bd2 Bxc3 8. Bxc3 Ne4 9. Nf3 Nxc3 10. Qxc3 Nc6 11.
Be2 Qa5 12. Rc1 Qxc3+ 13. Rxc3 Bd7 14. O-O Rfc8 15. Rfc1 a6 16. Ne1 Be8 17. Nd3 Rab8 18. Bf3 Kf8 19. Nc5 Ke7 20. b3 Nd8 21. h4 c6 22. g4 f6 23. Kg2 Nf7 24. Kg3 Nd6 25. e4 Nb5 26. Rd3 Rd8 27. Rcd1 Nc7 28. Re3 e5 29. d5 cxd5 30. exd5 Bf7 31. Nxb7 Rxd5 32. Bxd5 Nxd5 33. Na5 Nxe3 34. Nc6+ Ke6 35. fxe3 Rc8 36.
Nd8+ Ke7 37. Nxf7 Kxf7 38. Rd7+ Kg6 39. Rd6 a5 40. Rd5 Ra8 41. a4 h5 42. g5 fxg5 43.
Rxe5 g4 44. Rg5+ Kh6 45. e4 Rc8 46. Rxa5 Rc3+ 47. Kg2 Rxb3 48. Rb5 Ra3 49. a5 Kg6 50. Rb6+ Kh7 51. a6 g5 52. hxg5 Kg7 53. Rh6 h4 54. Rxh4 Rxa6 55. Kg3 Kg6 56. Rh6+ 1-0

[Event "*** Titled Tuesday Blitz"]
[Site "Chess.com"]
[Date "2021.02.16"]
[Round "7"]
[White "ViditYT"]
[Black "elextranjero00"]
[Result "1-0"]
[WhiteElo "2999"]
[BlackElo "2627"]
[TimeControl "180+1"]
[EndTime "11:19:35 PST"]
[Termination "ViditYT won by resignation"]

1. c4 Nf6 2. Nc3 c5 3. g3 e6 4.
Nf3 b6 5. Bg2 Bb7 6. O-O Be7 7.
Re1 Ne4 8. Nxe4 Bxe4 9. d3 Bb7 10.
e4 Nc6 11. Be3 Rc8 12. Rc1 O-O 13. d4 cxd4 14. Nxd4 Nxd4 15. Bxd4 Bc5 16. Bc3 a5 17. Qg4 f6 18. Rcd1 Qe7 19. h4 Bc6 20. Rd2 Bb4 21. Rc1 Bxc3 22. Rxc3 Rf7 23. Qd1 Qc5 24. b3 Qb4 25. Rcd3 Qc5 26. Rd6 b5 27. cxb5 Qxb5 28.
Rc2 Qb4 29. Rc4 Qa3 30. Qd2 Rb8 31. Rcxc6 dxc6 32. Bh3 Re7 33. Bxe6+ Kf8 34. Rxc6 Qb4 35. Qd5 Rbe8 36. Bf5 g6 37. Be6 Kg7 38. Kg2 Qb7 39. Qc4 Qb8 40. Bd5 Qe5 41. Ra6 f5 42. exf5 Qxf5 43.
Qd4+ Qe5 44. Qxe5+ Rxe5 45. Rxa5 R8e7 46. Rb5 Re2 47. a4 Kh6 48. Rb7 R7e5 49. Bg8 g5 50.
Rxh7+ Kg6 51. h5+ Kf6 52. Rf7+ Ke6 53. h6 Kd6 54. h7 Re8 55. h8=Q 1-0

[Event "*** Titled Tuesday Blitz"]
[Site "Chess.com"]
[Date "2021.02.16"]
[Round "7"]
[White "Spalir"]
[Black "Angel_Hranitel_37"]
[Result "1-0"]
[WhiteElo "2675"]
[BlackElo "2502"]
[TimeControl "180+1"]
[EndTime "11:19:35 PST"]
[Termination "Spalir won by resignation"]

1. e4 c5 2. Nf3 e6 3. d4 cxd4 4.
Nxd4 Nf6 5. Bd3 Nc6 6. Nxc6 bxc6 7. O-O d5 8. Nd2 Bd6 9. b3 Nd7 10. Bb2 O-O 11. Re1 Re8 12. Qh5 g6 13. Qh6 Be5 14. Bxe5 Nxe5 15. Bf1 Qf6 16. Qe3 Ng4 17. Qg3 e5 18. exd5 cxd5 19. c4 d4 20. Ne4 Qe7 21. c5 Nh6 22. Nd6 Nf5 23. Nxf5 Bxf5 24. b4 e4 25. Qf4 d3 26. Bxd3 Qb7 27. Bf1 Qxb4 28.
Rec1 Rac8 29. Rab1 Qa3 30. Rb3 Qxa2 31. Rbc3 e3 32. Rxe3 Rxe3 33. Qxe3 Qb2 34. h3 a5 35. Bc4 Be6 36. Bxe6 Re8 37. Bxf7+ Kxf7 38. Qf3+ Kg7 39. Rd1 Re7 40. c6 Rf7 41. Qd3 Qxf2+ 42. Kh1 Qf4 43. Qd5 Rc7 44. Qxa5 Qg3 45. Qd5 h5 46. Qd6 Qxd6 47. Rxd6 Kf7 48. Kh2 h4 49. Kg1 Re7 50. Kf2 Re6 51. Rxe6 Kxe6 52. Kf3 Kd6 53. Kg4 Kxc6 54. Kxh4 Kd6 55. Kg5 Ke5 56. Kxg6 Kf4 57. h4 Kg4 58. h5 Kg3 59. h6 Kf4 60. h7 Kg4 61. h8=Q Kg3 62. Qh3+ Kf4 63. Qf3+ Ke5 64.
Qf5+ Kd4 65. g4 Ke3 66. Kf6 Kd4 67. Ke6 Ke3 68. Kd5 Kd2 69. Kd4 Ke2 70. g5 Ke1 71.
Qc2 1-0

[Event "*** Titled Tuesday Blitz"]
[Site "Chess.com"]
[Date "2021.02.16"]
[Round "7"]
[White "ElCoachRene"]
[Black "c_r_e_e_p_e_r"]
[Result "0-1"]
[WhiteElo "2212"]
[BlackElo "2378"]
[TimeControl "180+1"]
[EndTime "11:19:36 PST"]
[Termination "c_r_e_e_p_e_r won by resignation"]

1. d4 Nf6 2. Bf4 e6 3. e3 d6 4. Nd2 b6 5. e4 Bb7 6. Bd3 c5 7. c3 Nc6 8. Ngf3 Be7 9. Qe2 O-O 10. e5 Nd5 11. Bg3 cxd4 12. cxd4 Ncb4 13. O-O Nxd3 14. Qxd3 Nb4 15. Qb3 dxe5 16. dxe5 Bd5 17. Qd1 Nxa2 18.
Qa4 Nb4 19. Rfd1 Qe8 20. Qxe8 Rfxe8 21. Nd4 Nd3 22. b3 Nb4 23. Nc4 Bxc4 24. bxc4 Rec8 25. Rdc1 Nd3 26. Rc3 Nc5 27. Nb5 Ne4 28. Rc2 Nxg3 29.
hxg3 a6 30. Nd6 Rc6 31. Nb5 g6 32. Nd4 Rc5 33. f4 Rc7 34. Nb5 Rc6 35. Nd4 Bc5 36. Rd2 Rd8 37. Rad1 Rc7 38. Kh2 Rcd7 39. Nf3 Rxd2 40.
Rxd2 Rxd2 41. Nxd2 Kf8 42. g4 Ke7 43. Kg3 Kd7 44. Nf3 Kc6 45. Ng5 Be7 46. Nxf7 Kc5 47. Kf3 Kxc4 48. f5 gxf5 49. g5 b5 50. Kf4 b4 51. g6 hxg6 52. Nh6 g5+ 53. Ke3 b3 54. Kd2 b2 55. Kc2 Kd4 56. Kxb2 Kxe5 57. Nf7+ Kf6 58. Nh6 Kg6 59. Ng8 Kf7 60. Nh6+ Kg7 61. Ng4 fxg4 62.
g3 Kf6 63. Kb3 Bd6 64. Ka4 Bxg3 65. Ka5 Be5 66. Kb6 g3 67. Kxa6 g2 68. Kb5 g1=Q 69. Kc6 Qd1 0-1

[Event "*** Titled Tuesday Blitz"]
[Site "Chess.com"]
[Date "2021.02.16"]
[Round "7"]
[White "dosto07"]
[Black "Aygehovit1992"]
[Result "0-1"]
[WhiteElo "2428"]
[BlackElo "2595"]
[TimeControl "180+1"]
[EndTime "11:19:37 PST"]
[Termination "Aygehovit1992 won on time"]

1. e4 c5 2. Nf3 d6 3. Bb5+ Bd7 4. Bxd7+ Nxd7 5. O-O Ngf6 6. Qe2 Ne5 7. b3 Qc7 8.
Bb2 e6 9. c4 Nxf3+ 10. Qxf3 Be7 11. d4 cxd4 12. Bxd4 Nd7 13. Nc3 a6 14. Qg3 Bf6 15.
Bxf6 gxf6 16. Rad1 Ke7 17. Rd2 Rhg8 18. Qh4 Ne5 19.
f4 Ng6 20. Qf2 Qc5 21. Rfd1 Nxf4 22. Qxc5 dxc5 23. Rd7+ Kf8 24. g3 Ng6 25. Rxb7 Ne5 26. Na4 Rc8 27. Nb6 Rc6 28. Nd7+ Kg7 29. Nxe5 fxe5 30. Rdd7 Rf8 31. Rbc7 Rb6 32. Rxc5 Kf6 33. Rcc7 a5 34. Kf2 a4 35. bxa4 Rb2+ 36. Kf3 Rxh2 37.
a3 Ra2 38. Rd3 h5 39. c5 Kg6 40. Rc3 f5 41. c6 f4 42. gxf4 Rxf4+ 43. Ke3 Raf2 44.
Kd3 R2f3+ 45. Kc4 Rxe4+ 46. Kc5 Rxc3+ 47. Kd6 Kf6 48. Rc8 Rd4+ 49. Kc7 Rdc4 50. Rf8+ Ke7 51. Rh8 Rxc6+ 52. Kb7 R6c4 53. Kb6 Rxa4 54. Rh7+ Kf6 55. Rh6+ Kf5 56. Kb5 Raxa3 57. Rxh5+ Kf6 58. Rh8 e4 59. Rf8+ Ke5 60. Rh8 e3 61. Kb4 e2 62. Rh5+ Kd6 63. Rh1 Rab3+ 64. Ka4 Rb2 0-1

[Event "*** Titled Tuesday Blitz"]
[Site "Chess.com"]
[Date "2021.02.16"]
[Round "7"]
[White "MaevskiyNikolay"]
[Black "olksuna"]
[Result "0-1"]
[WhiteElo "2533"]
[BlackElo "2693"]
[TimeControl "180+1"]
[EndTime "11:19:43 PST"]
[Termination "olksuna won by checkmate"]

1. d4 Nf6 2. c4 e6 3. Nf3 b6 4. Nc3 Bb7 5. Bg5 Bb4 6. Nd2 h6 7. Bh4 Nc6 8. e3 Ne7 9. f3 Nf5 10. Bf2 c5 11. a3 Ba5 12. Bd3 O-O 13. d5 Bxc3 14. bxc3 d6 15. e4 Ne7 16. O-O Ng6 17. Re1 Re8 18. a4 Ba6 19. Bf1 e5 20. g3 Bc8 21. a5 Bd7 22. axb6 axb6 23. Qb3 Qc7 24. Bd3 Nh7 25. h4 Ne7 26. Qc2 Rxa1 27. Rxa1 Rf8 28.
Nf1 f5 29. exf5 Bxf5 30. Nd2 Bxd3 31. Qxd3 Nf6 32. Kg2 Qd7 33. Rb1 Rb8 34. Ne4 Nxe4 35. fxe4 Kh8 36. Be3 Ng8 37. Bd2 Nf6 38. Rf1 Ra8 39.
Bxh6 Ra2+ 40. Bd2 Qg4 41. Rf2 Qxe4+ 42. Qxe4 Nxe4 43. Be3 Nxf2 44. Bxf2 Rc2 45. Kf3 Rxc3+ 46. Ke4 Rxc4+ 47. Kf5 Rc2 48. Be3 c4 49. Ke4 b5 50. g4 b4 51. h5 b3 52. h6 b2 53.
hxg7+ Kg8 54. Kf5 b1=Q 55. Ke6 Re2 56. Bg5 Qg6+ 57. Kd7 Qxg5 58. Kxd6 e4 59. Kd7 Rd2 60. d6 Qe5 61. Kc8 Qxd6 62. Kb7 Rb2+ 63. Ka7 Qb6+ 64.
Ka8 Qa5# 0-1

[Event "*** Titled Tuesday Blitz"]
[Site "Chess.com"]
[Date "2021.02.16"]
[Round "7"]
[White "profofchess"]
[Black "Sjakkerntobi"]
[Result "1-0"]
[WhiteElo "2444"]
[BlackElo "2320"]
[TimeControl "180+1"]
[EndTime "11:19:43 PST"]
[Termination "profofchess won on time"]

1. e4 e6 2. d4 d5 3. Nc3 Bb4 4. e5 Ne7 5. Bd2 b6 6. a3 Bxc3 7. Bxc3 Ba6 8. Bxa6 Nxa6 9. Qd3 Nb8 10. O-O-O c5 11.
h4 c4 12. Qf3 a5 13. h5 h6 14. Ne2 b5 15. Bd2 Nbc6 16. Rh4 b4 17. Rg4 Rg8 18.
a4 b3 19. cxb3 Rb8 20. bxc4 dxc4 21. Nc3 Nxd4 22. Qe4 Nb3+ 23. Kc2 Nxd2 24. Rxd2 Rxb2+ 25. Kxb2 Qxd2+ 26. Qc2 Qxc2+ 27. Kxc2 Nc6 28. Rxc4 Kd7 29. f4 g6 30. Ne4 Nb4+ 31. Kc3 Nd5+ 32. Kd2 gxh5 33.
g3 h4 34. gxh4 Rg2+ 35. Ke1 Rg4 36. Nc5+ Ke7 37. Nb3 Nxf4 38. Nxa5 Rxh4 39. Kd2 Rh2+ 40. Ke3 Nd5+ 41. Kf3 Rh3+ 42. Kg4 Re3 43. Rd4 Ra3 44. Kh5 Rh3+ 45. Kg4 Rh1 46. Nc4 h5+ 47. Kg3 Rg1+ 48. Kh4 Rh1+ 49. Kg3 Rg1+ 50. Kh2 Ra1 51. Nd2 f6 52.
exf6+ Kxf6 53. Nf3 Ra2+ 54. Kh3 Ne7 55. Rh4 Nf5 56.
Rxh5 Rxa4 57. Rh8 Ra3 58. Kg2 Ne3+ 59. Kg3 Nf1+ 60. Kf2 1-0

[Event "*** Titled Tuesday Blitz"]
[Site "Chess.com"]
[Date "2021.02.16"]
[Round "7"]
[White "elohunter1999"]
[Black "Alexander_Zubov"]
[Result "0-1"]
[WhiteElo "2627"]
[BlackElo "2988"]
[TimeControl "180+1"]
[EndTime "11:19:45 PST"]
[Termination "Alexander_Zubov won by resignation"]

1. d4 d5 2. c4 c6 3. Nf3 Nf6 4. e3 a6 5. Nbd2 Bf5 6. Nh4 Bg4 7.
Qc2 g6 8. Bd3 Bg7 9. h3 Bc8 10.
Nhf3 O-O 11. O-O Nbd7 12. b3 c5 13. Bb2 cxd4 14. Bxd4 dxc4 15. Nxc4 b5 16. Nce5 Bb7 17. Rac1 Nxe5 18. Nxe5 Qd5 19. Nf3 Rac8 20. Qb2 Qd6 21.
Be2 Rfd8 22. Rxc8 Rxc8 23. Rc1 Qb8 24. Rxc8+ Qxc8 25. a4 bxa4 26. bxa4 Ne8 27. Bxg7 Nxg7 28. a5 Ne6 29. Qb6 Qc7 30. Qxc7 Nxc7 31. Nd4 Bd5 32. Bf3 Bxf3 33. gxf3 Kf8 34. f4 Ke8 35. Kf1 Kd7 36. Ke2 Kd6 37. Kd3 Kc5 38. Nb3+ Kb4 39.
Nd4 e6 40. Nc6+ Kb5 41. Nd8 f6 42. Nb7 Kc6 43. Nd8+ Kb5 44. Nb7 Nd5 45. Nd8 Nb4+ 46. Kc3 e5 47. fxe5 fxe5 48. Nf7 Nc6 49. Kd3 Kxa5 50. Nd6 Kb4 51. Ke4 a5 52. Kd5 a4 53.
Kxc6 a3 54. Ne4 a2 55. Kd5 a1=Q 56. Ng5 Qg1 57. h4 Qxf2 58. Nxh7 Qxe3 59. Nf6 Qd4+ 60.
Ke6 e4 0-1

[Event "*** Titled Tuesday Blitz"]
[Site "Chess.com"]
[Date "2021.02.16"]
[Round "7"]
[White "EugeneRougon"]
[Black "SilviusTiberius"]
[Result "0-1"]
[WhiteElo "2726"]
[BlackElo "2589"]
[TimeControl "180+1"]
[EndTime "11:19:46 PST"]
[Termination "SilviusTiberius won on time"]

1. e4 e5 2. Nf3 Nc6 3. Bb5 Nf6 4. O-O Nxe4 5. d4 Nd6 6. Bxc6 dxc6 7. dxe5 Nf5 8. Qxd8+ Kxd8 9. h3 h5 10. Nc3 Ke8 11.
Bf4 Be6 12. Ng5 Rh6 13. g3 Rg6 14. Rad1 Rd8 15. Rxd8+ Kxd8 16. Rd1+ Ke8 17. a3 Be7 18. h4 Bc8 19. Kh2 f6 20. exf6 gxf6 21. Nge4 Bd8 22.
Re1 Kf7 23. Rd1 Ke8 24. Nc5 b6 25. Nd3 Nd4 26. Nb4 Nf3+ 27. Kh1 Bb7 28. Rd3 a5 29. Rxf3 axb4 30. Re3+ Kd7 31. axb4 c5+ 32. Kg1 cxb4 33. Ne4 Be7 34. Rd3+ Kc8 35. Nd2 f5 36. b3 Bxh4 37. Kh2 Be7 38. Nc4 h4 39. Ne3 hxg3+ 40. fxg3 Bc5 41.
Nxf5 Be4 42. Nh4 Bxd3 43. cxd3 Rc6 44. g4 Bd6 45. Kg3 Rc3 46. Bxd6 Rxd3+ 47. Kf4 cxd6 48. g5 Rxb3 49. g6 Rb1 50. Nf5 Rf1+ 51. Kg4 Rg1+ 52.
Ng3 Re1 53. g7 Re8 54. Nf5 Kd7 55. Nh6 b3 56. Kg5 b2 57. Ng4 Ke6 58. Nf6 Rc8 59. Nh7 Rg8 60. Kg6 b1=Q+ 0-1

[Event "*** Titled Tuesday Blitz"]
[Site "Chess.com"]
[Date "2021.02.16"]
[Round "7"]
[White "KruHor"]
[Black "BikingBrian"]
[Result "1-0"]
[WhiteElo "2520"]
[BlackElo "2313"]
[TimeControl "180+1"]
[EndTime "11:19:46 PST"]
[Termination "KruHor won by resignation"]

1. e4 c5 2. Nf3 g6 3. c3 Bg7 4.
d4 cxd4 5. cxd4 d5 6. exd5 Nf6 7.
Bb5+ Nbd7 8. Nc3 O-O 9. O-O Nb6 10. Re1 Nbxd5 11. h3 e6 12. Bg5 Qd6 13. Rc1 Bd7 14. Bxf6 Bxf6 15. Ne4 Qe7 16. Bc4 Bc6 17. Ne5 Bxe5 18.
dxe5 Rad8 19. Bxd5 Bxd5 20. Nf6+ Kg7 21. Qa4 h6 22.
Rc3 Rc8 23. Rg3 Rc4 24. Qxa7 Qc7 25. Qe3 Rc8 26. b3 Rc3 27. Ne8+ Rxe8 28. Qxc3 Qd7 29.
Qd4 Rc8 30. Qf4 Qe7 31. Rc1 Bc6 32. h4 h5 33. Rf3 Rd8 34. Qf6+ Qxf6 35. exf6+ Kh6 36.
Rf4 g5 37. hxg5+ Kxg5 38. g3 h4 39. Rxh4 Kxf6 40. Kf1 Rd2 41. a4 Rb2 42. Rb4 Bd5 43. Rc3 e5 44. Rb5 Bc6 45. Rb6 Kf5 46. a5 Bd5 47. b4 f6 48. b5 Rb1+ 49. Ke2 Rb2+ 50.
Ke3 Rb4 51. f3 Rb1 52. g4+ Kg5 53. Rd3 Bc4 54. Rd8 Rxb5 55. Rg8+ Kh6 56. Rxf6+ Kh7 57. Ra8 Bd5 58. g5 Kg7 59. Kf2 Rb3 60. Kg3 e4 61. Rd8 exf3 62. Rxd5 f2+ 63. Kxf2 Ra3 64. Rd7+ Kg8 65.
Re6 Kf8 66. g6 Rxa5 67. g7+ Kg8 68. Re8+ 1-0

[Event "*** Titled Tuesday Blitz"]
[Site "Chess.com"]
[Date "2021.02.16"]
[Round "7"]
[White "Stewie_89"]
[Black "ChristopherYoo"]
[Result "0-1"]
[WhiteElo "2611"]
[BlackElo "2892"]
[TimeControl "180+1"]
[EndTime "11:19:50 PST"]
[Termination "ChristopherYoo won by checkmate"]

1. e4 c5 2. Nf3 e6 3. b3 Nf6 4. e5 Nd5 5. Bb2 Nc6 6. c4 Nde7 7. Nc3 Ng6 8. Nb5 b6 9. h4 h5 10. g3 Bb7 11. Nd6+ Bxd6 12. exd6 Nd4 13. Nxd4 Bxh1 14.
Nb5 Kf8 15. Bd3 Bc6 16. Nc7 Rc8 17. Qc2 Rh6 18. O-O-O Rxc7 19. dxc7 Qxc7 20. f4 Ne7 21. Qc3 f6 22. b4 cxb4 23. Qxb4 a5 24. Qc3 Kf7 25. Ba3 Nc8 26. Bc2 Nd6 27. Qd4 Nb7 28. f5 e5 29. Qc3 Rh8 30. d4 exd4 31. Rxd4 Re8 32. c5 Nxc5 33. Bxc5 bxc5 34. Bb3+ Ke7 35. Qxc5+ Kd8 36. Bf7 Re7 37. Bc4 Qe5 38. Qa7 Qxg3 39. Qxa5+ Qc7 40. Qd2 Qe5 41. Be6 Kc7 42. Bd5 Qe1+ 43.
Qxe1 Rxe1+ 44. Kd2 Re5 45. Bxc6 Kxc6 46. Rc4+ Kd6 47.
Rd4+ Ke7 48. a4 Rxf5 49. Kc3 d5 50. Kb4 Kd6 51. Kb5 Rf1 52. a5 Rb1+ 53. Ka6 Kc5 54.
Rd2 d4 55. Ka7 Kc4 56. a6 d3 57. Ka8 Kc3 58. Ra2 d2 59. a7 d1=Q 60. Rc2+ Kb3 61.
Rc3+ Kb2 62. Rd3 Qxd3 63. Kb8 Kc3+ 64. Kc8 Qc4+ 65. Kd8 Qd5+ 66. Ke8 Rb7 67. Kf8 Qf7# 0-1

[Event "*** Titled Tuesday Blitz"]
[Site "Chess.com"]
[Date "2021.02.16"]
[Round "7"]
[White "JiiHart"]
[Black "Hercog"]
[Result "0-1"]
[WhiteElo "2117"]
[BlackElo "2356"]
[TimeControl "180+1"]
[EndTime "11:19:50 PST"]
[Termination "Hercog won on time"]

1. e4 c6 2. d4 d5 3. Nc3 dxe4 4. Nxe4 Bf5 5. Ng3 Bg6 6. h4 h6 7.
N1e2 e6 8. Nf4 Bh7 9. Bc4 Nf6 10.
Ngh5 Nbd7 11. Qe2 Nxh5 12. Nxh5 Nf6 13. Nxf6+ Qxf6 14. Be3 Bd6 15. O-O-O Bf4 16. d5 cxd5 17. Bb5+ Ke7 18. Kb1 Rhd8 19. Bc5+ Bd6 20. Rxd5 Bxc2+ 21. Kxc2 Rac8 22. b4 b6 23. Rhd1 bxc5 24. bxc5 Rxc5+ 25. Rxc5 Bxc5 26. Rxd8 Kxd8 27. Qd3+ Bd4 28. Qc4 Qxf2+ 29.
Kd3 Qe3+ 30. Kc2 Bb6 31. Qc6 Qc5+ 32. Qxc5 Bxc5 33. a4 a5 34. Kd3 Ke7 35. Ke4 f5+ 36.
Kf3 g5 37. hxg5 hxg5 38. g4 Kf6 39. Bd7 Bb4 40. Bc8 Ke5 41. Bd7 Bc3 42. Bc8 Bd2 43. Bd7 fxg4+ 44. Kxg4 Kd5 45. Kf3 e5 46. Ke2 Bf4 47. Kd3 e4+ 48. Ke2 Kd4 49. Bg4 Kc3 50.
Bd7 Kb4 51. Kf2 g4 52. Ke2 g3 53. Kf1 e3 54. Bb5 Ka3 55. Kg2 e2 56. Bxe2 Kxa4 57. Bd1+ Kb4 58. Kf3 Bc7 59. Kg2 a4 60. Kf3 a3 0-1

[Event "*** Titled Tuesday Blitz"]
[Site "Chess.com"]
[Date "2021.02.16"]
[Round "7"]
[White "ChessQueen"]
[Black "agartha01"]
[Result "1/2-1/2"]
[WhiteElo "2733"]
[BlackElo "2464"]
[TimeControl "180+1"]
[EndTime "11:19:51 PST"]
[Termination "Game drawn by repetition"]

1. e4 c5 2. c3 Nf6 3. e5 Nd5 4.
Nf3 e6 5. d4 cxd4 6. cxd4 b6 7.
Bd3 Bb4+ 8. Bd2 Ba6 9. Bxa6 Nxa6 10. Nc3 Nac7 11. O-O O-O 12. Ne4 Bxd2 13. Qxd2 f5 14.
exf6 Nxf6 15. Nd6 Ncd5 16. Ne5 Qe7 17. Ndc4 b5 18. Ne3 a6 19. f3 Nxe3 20. Qxe3 Nd5 21.
Qe4 Rf4 22. Qd3 d6 23. Ng4 Qa7 24. Rfd1 e5 25. Qb3 Rxd4 26. Nf2 Qc5 27. Rac1 Rc4 28.
Rxc4 bxc4 29. Qb7 Nc7 30. Kf1 d5 31. Ng4 Re8 32. b4 cxb3 33. Qxb3 Qb5+ 34. Qxb5 axb5 35. Rc1 Na6 36. Ne3 d4 37. Nd5 Rd8 38. Ne7+ Kf7 39. Nc6 Rd5 40. Ke2 Ke6 41. Kd3 Nc5+ 42. Kd2 e4 43.
fxe4 Nxe4+ 44. Kd3 Nc5+ 45. Kd2 d3 46. Nd4+ Rxd4 47.
Rxc5 Ra4 48. Kxd3 Rxa2 49. Rxb5 Rxg2 50. Rh5 h6 51. Ke4 Kf6 52. Kf3 Ra2 53. h3 Ra3+ 54.
Kg2 Kg6 55. Rb5 Kh7 56. Rc5 g5 57. Rb5 Kg6 58. Rc5 Kh5 59. Rb5 Ra2+ 60. Kg3 Ra3+ 61. Kg2 Ra4 62. Rb6 Rc4 63. Kg3 Rc3+ 64. Kg2 Rc2+ 65.
Kg3 Rc3+ 66. Kg2 Rc2+ 67. Kg3 Rc3+ 1/2-1/2

[Event "*** Titled Tuesday Blitz"]
[Site "Chess.com"]
[Date "2021.02.16"]
[Round "7"]
[White "vovachesss"]
[Black "rynos0411"]
[Result "0-1"]
[WhiteElo "2651"]
[BlackElo "2492"]
[TimeControl "180+1"]
[EndTime "11:19:53 PST"]
[Termination "rynos0411 won on time"]

1. e4 c6 2. d4 d5 3. e5 Bf5 4. h4 h5 5. Bd3 Bxd3 6. Qxd3 Qa5+ 7. Nd2 Qa6 8. c4 e6 9. Ngf3 Ne7 10. O-O c5 11. b3 Nbc6 12. Bb2 Rd8 13. dxc5 Nf5 14.
b4 Nxb4 15. Qb3 Bxc5 16. cxd5 Nxd5 17. Ne4 Be7 18. g3 O-O 19. Nfg5 Nb6 20. Qf3 g6 21.
Nf6+ Bxf6 22. exf6 Qd3 23. Qxb7 Nc4 24. Bc1 Rd5 25. Bf4 e5 26. Rad1 Qxd1 27. Rxd1 Rxd1+ 28. Kg2 exf4 29. Nxf7 Rxf7 30. Qc8+ Kh7 31. Qxc4 Rxf6 32.
Qxf4 Rd7 33. Qe5 Rdf7 34. Kh3 Nh6 35. f4 Ng4 36. Qd5 Re7 37. Qc4 Rd7 38. Qc3 Rfd6 39. f5 gxf5 40. Qf3 Kg6 41. Qf4 Rf6 42. Qg5+ Kf7 43.
Qxh5+ Ke7 44. Qh7+ Ke6 45. Qg8+ Ke7 46. Qg7+ Rf7 47.
Qc3 Kd8 48. Qa5+ Rc7 49. Qd5+ Rfd7 50. Qg8+ Ke7 51. Qg5+ Nf6 52. Qxf5 Rd5 53. Qf4 Rc3 54. Qb4+ Rdc5 55. Qb7+ Ke6 56. Qxa7 Ne4 57. Qb6+ Kd5 58. Qd8+ Ke5 59. Qe8+ Kd5 60. Qg8+ Ke5 61. Qe8+ Kd4 62.
Qd7+ Rd5 63. Qg7+ Re5 64. Qd7+ Rd5 65. Qg7+ Kd3 66. h5 Kc2 67. h6 Rxg3+ 68. Qxg3 Nxg3 69. Kh4 Rh5+ 0-1

[Event "*** Titled Tuesday Blitz"]
[Site "Chess.com"]
[Date "2021.02.16"]
[Round "7"]
[White "stepanosinovsky"]
[Black "Grieve72"]
[Result "0-1"]
[WhiteElo "2307"]
[BlackElo "2474"]
[TimeControl "180+1"]
[EndTime "11:19:53 PST"]
[Termination "Grieve72 won on time"]

1. e4 c5 2. Nf3 e6 3. Bc4 Nc6 4. O-O a6 5. Re1 b5 6. Bf1 Bb7 7. c3 Nf6 8. d4 d5 9. exd5 Qxd5 10. a4 cxd4 11. axb5 axb5 12. Rxa8+ Bxa8 13. cxd4 Bb4 14. Nc3 Bxc3 15. bxc3 O-O 16. Bf4 Rd8 17. Qb1 b4 18. c4 Qa5 19. Rd1 h6 20. h3 Ne7 21. Ne5 Nf5 22. d5 Bb7 23. Nc6 Bxc6 24. dxc6 Rc8 25. c7 Kh7 26. g4 g6 27. gxf5 gxf5 28. Qb2 Rg8+ 29. Kh2 Ne4 30. Rd8 Rxd8 31. cxd8=Q Qxd8 32. Bg2 Qd3 33. Qxb4 Nxf2 34. Qb7 Kg6 35. c5 Ne4 36. Qb2 Qc4 37. Bxe4 fxe4 38. Qg2+ Kf5 39. Be3 Qd5 40. Qf2+ Kg6 41. Qg3+ Kf6 42. Qf4+ Ke7 43. Qxh6 Qd3 44.
Qg5+ Kd7 45. Qg3 f5 46. Qd6+ Qxd6+ 47. cxd6 Kxd6 48. Kg3 e5 49. Bc1 Ke6 50. Bb2 f4+ 51. Kg4 Kf6 52. h4 e3 53. Bc1 e2 54. Bd2 Kg6 55.
Be1 Kh6 56. Bf2 Kg6 57. Kf3 Kh5 58. Ke4 Kg4 0-1

[Event "*** Titled Tuesday Blitz"]
[Site "Chess.com"]
[Date "2021.02.16"]
[Round "7"]
[White "Kaslask"]
[Black "Piotrek1979"]
[Result "1/2-1/2"]
[WhiteElo "2265"]
[BlackElo "2410"]
[TimeControl "180+1"]
[EndTime "11:19:53 PST"]
[Termination "Game drawn - insufficient material"]

1. d4 Nf6 2. c4 g6 3. Nc3 Bg7 4. e4 d6 5. Be2 O-O 6. Nf3 e5 7.
O-O Nbd7 8. Be3 Qe7 9. d5 Nc5 10.
Nd2 a5 11. Rb1 Bd7 12. b3 Ne8 13. a3 f5 14. f3 Nf6 15. b4 axb4 16. axb4 Na4 17.
Qc2 Nxc3 18. Qxc3 fxe4 19. Nxe4 Nxe4 20. fxe4 Qh4 21. Bf3 Bh6 22. Bf2 Qg5 23. Ra1 Qd2 24.
Qxd2 Bxd2 25. b5 b6 26. Rfd1 Bb4 27. Rdc1 Kg7 28. Kf1 h5 29. Ke2 Bc5 30. Bxc5 dxc5 31. h3 h4 32. Kd2 Kh6 33. Ke3 Kg5 34. Rf1 Ra5 35. Rxa5 bxa5 36. Ra1 Ra8 37. Bd1 Kf6 38. Ba4 Ke7 39. Rf1 Rb8 40. Rf2 Rb6 41. Rf1 g5 42. Ra1 Rb8 43. Bd1 Ra8 44. Ra4 Kd6 45.
Bf3 Ra7 46. Bh5 Ra8 47. Bg6 Ke7 48. Bh5 Bc8 49. Kf3 Bd7 50. Bg4 Rf8+ 51. Bf5 Bxf5 52.
exf5 Rxf5+ 53. Ke3 Rf1 54. Rxa5 Rc1 55. Ra7 Rc3+ 56. Kd2 Rxc4 57. b6 Kd6 58. bxc7 Kd7 59. d6 Rd4+ 60. Ke3 Rxd6 61. Ke4 Rd2 62. Kxe5 Rxg2 63. Kd5 g4 64. hxg4 h3 65. c8=Q+ Kxc8 66. Rh7 h2 67. Kxc5 Kd8 68. Kd6 Ke8 69. g5 Kf8 70.
Ke6 Kg8 71. Rh4 Rxg5 72. Rxh2 Kg7 73. Rf2 Rg6+ 74. Ke7 Rg5 75. Rf7+ Kg6 76. Rf6+ Kh5 77. Re6 Rg6 78. Rxg6 Kxg6 1/2-1/2

[Event "*** Titled Tuesday Blitz"]
[Site "Chess.com"]
[Date "2021.02.16"]
[Round "7"]
[White "Szparu"]
[Black "GM_LOADING"]
[Result "1/2-1/2"]
[WhiteElo "2664"]
[BlackElo "2499"]
[TimeControl "180+1"]
[EndTime "11:19:54 PST"]
[Termination "Game drawn by repetition"]

1. d4 Nf6 2. Bg5 Ne4 3. h4 c5 4. d5 g6 5. Nd2 Nxg5 6. hxg5 Bg7 7. c3 d6 8. e4 Nd7 9. f4 h6 10. Ngf3 a6 11. a4 hxg5 12. Rxh8+ Bxh8 13. Nxg5 Nf6 14. a5 Nh5 15. Qf3 Bd7 16. Nc4 Qc7 17. Nb6 Rd8 18.
Kf2 c4 19. Bxc4 Qc5+ 20. Ke2 Bb5 21. b3 Bxc4+ 22. bxc4 Bg7 23. g3 Nf6 24. Qe3 Qc7 25. Rh1 Nd7 26. Rh7 Kf8 27. Kd3 Nf6 28. Rh1 Nd7 29.
g4 Nc5+ 30. Ke2 Nd7 31. Rh7 Nxb6 32. axb6 Qxc4+ 33. Qd3 Rc8 34. e5 Qa2+ 35. Kf3 dxe5 36. fxe5 Qb2 37. Ne4 Bxe5 38. Qe3 Bxc3 39. Qh6+ Ke8 40.
Rh8+ Kd7 41. Rxc8 Kxc8 42. Qf8+ Kd7 43. Qxf7 Be5 44. Qe6+ Kd8 45. Qg8+ Kd7 46. Qe6+ Kd8 47. Qg8+ Kd7 48. Nc5+ Kd6 49. Nxb7+ Kd7 50. Qe6+ Ke8 51. Qxg6+ Kf8 52. Qf5+ Bf6 53. Nd8 Qxb6 54. Ne6+ Ke8 55. Qg6+ Kd7 56. Qf5 Qb3+ 57. Ke2 Qc4+ 58. Kf3 Qc3+ 59.
Kg2 Qd2+ 60. Kg3 Qe3+ 61. Kg2 Qe2+ 62. Kh3 Qe3+ 63. Kg2 Qe2+ 64. Kh3 Qe3+ 65. Kg2 1/2-1/2